 Dungeon Crawl Stone Soup version 0.19.1-1-g22dce08 (webtiles) character file.

12834 Jynx the Arsonist (level 11, 0/54 HPs)
             Began as a Deep Elf Fire Elementalist on Jan 7, 2017.
             Was an Elder of Vehumet.
             Slain by a seven-headed hydra (5 damage)
             ... on level 2 of the Lair of Beasts.
             The game lasted 00:32:39 (12793 turns).

Jynx the Arsonist (Deep Elf Fire Elementalist)     Turns: 12793, Time: 00:32:41

Health: 0/54       AC:  8    Str:  5    XL:     11   Next: 67%
Magic:  14/28      EV: 13    Int: 24    God:    Vehumet [****..]
Gold:   779        SH:  0    Dex: 15    Spells: 6 memorised, 10 levels left

rFire  + . .     SeeInvis .     z - +1 dagger (venom)
rCold  . . .     Gourm    .     a - +0 robe
rNeg   . . .     Faith    .     (no shield)
rPois  +         Spirit   .     w - +2 helmet
rElec  .         Reflect  .     A - +0 cloak
rCorr  .         Harm     .     p - +0 pair of gloves
MR     +....                    o - +0 pair of boots
Stlth  ++........               d - amulet of regeneration
                                O - ring of poison resistance
                                B - ring of protection from fire

@: no status effects
A: no striking features
a: Renounce Religion


You were on level 2 of the Lair of Beasts.
You worshipped Vehumet.
Vehumet was greatly pleased with you.
You were not hungry.

You visited 3 branches of the dungeon, and saw 13 of its levels.

You collected 779 gold pieces.

Inventory:

Hand Weapons
 z - a +1 dagger of venom (weapon)
Armour
 a - a +0 robe (worn)
 o - a +0 pair of boots (worn)
 p - a +0 pair of gloves (worn)
 w - a +2 helmet (worn)
 A - a +0 cloak (worn)
Magical Staves
 L - an uncursed staff of cold
Jewellery
 d - an amulet of regeneration (around neck)
 f - an uncursed ring of ice
 g - an uncursed ring of flight
 u - an uncursed amulet of the gourmand
 B - a ring of protection from fire (left hand)
 O - a ring of poison resistance (right hand)
Wands
 s - a wand of flame (31/48)
 v - a wand of random effects (21/48)
 y - a wand of random effects (33/48)
 E - a wand of random effects (10/48)
 G - a wand of paralysis (16/24)
 I - a wand of polymorph (20/24)
 P - a wand of paralysis (14/24)
 W - a wand of flame (11/48)
Scrolls
 h - a scroll of enchant weapon
 k - 6 scrolls of teleportation
 m - 2 scrolls of fear
 D - 2 scrolls of fog
 H - 2 scrolls of identify
 N - a scroll of enchant armour {unknown}
 S - a scroll of remove curse
 T - a scroll of torment {unknown}
 V - a scroll of amnesia
Potions
 e - 3 potions of flight
 i - 2 potions of berserk rage
 q - 8 potions of curing
 x - a potion of brilliance
 C - a potion of haste
 J - a potion of agility {unknown}
 K - 2 potions of degeneration {unknown}
 Q - 2 potions of heal wounds {unknown}
Books
 b - a book of Flames

   Spells                             Type                      Level
   a - Flame Tongue                   Conjuration/Fire             1
   b - Throw Flame                    Conjuration/Fire             2
   c - Conjure Flame                  Conjuration/Fire             3
   d - Inner Flame                    Hexes/Fire                   3
   e - Sticky Flame                   Conjuration/Fire             4
   f - Fireball                       Conjuration/Fire             5
 r - a book of Conjurations

   Spells                             Type                      Level
   a - Magic Dart                     Conjuration                  1
   b - Searing Ray                    Conjuration                  2
   c - Dazzling Spray                 Conjuration/Hexes            3
   d - Fulminant Prism                Conjuration/Hexes            4
   e - Iskenderun's Mystic Blast      Conjuration                  4
   f - Iskenderun's Battlesphere      Conjuration/Charms           5
 t - Ilemn's Disquisition on Freezing Confrontation
   (You found it on level 5 of the Dungeon)

   Spells                             Type                      Level
   a - Freeze                         Ice                          1
   b - Ozocubu's Armour               Charms/Ice                   3
   c - Force Lance                    Conjuration/Translocation    4
   d - Bolt of Magma                  Conjuration/Fire/Earth       5
   e - Spellforged Servitor           Conjuration/Summoning        7
 F - a book of Cantrips

   Spells                             Type                      Level
   a - Confusing Touch                Hexes                        1
   b - Animate Skeleton               Necromancy                   1
   c - Summon Small Mammal            Summoning                    1
   d - Apportation                    Translocation                1
 M - a book of Transfigurations

   Spells                             Type                      Level
   a - Irradiate                      Conjuration/Transmutation    5
   b - Statue Form                    Transmutation/Earth          6
   c - Hydra Form                     Transmutation                6
   d - Dragon Form                    Transmutation                7
Comestibles
 c - 10 bread rations
 j - 9 slices of pizza
 l - 5 beef jerkies
 n - 3 fruits
 R - 2 meat rations
 U - 5 chunks of flesh


   Skills:
 - Level 2.4 Dodging
 - Level 2.4 Stealth
 + Level 11.9 Spellcasting
 + Level 10.0 Conjurations
 * Level 13.8 Fire Magic
 + Level 5.8 Earth Magic


You had 10 spell levels left.
You knew the following spells:

 Your Spells              Type           Power        Failure   Level  Hunger
a - Flame Tongue          Conj/Fire      #####        1%          1    None
b - Conjure Flame         Conj/Fire      ######..     1%          3    None
c - Sticky Flame          Conj/Fire      ######..     1%          4    None
d - Fireball              Conj/Fire      ######....   1%          5    ###....
e - Iskenderun's Battles  Conj/Chrm      #####...     5%          5    ###....
f - Bolt of Magma         Conj/Fire/Erth ######....   1%          5    ###....


Dungeon Overview and Level Annotations

Branches:
Dungeon (10/15)            Temple (1/1) D:7            Lair (2/6) D:10
    Orc (0/2) D:9
  Swamp: Lair:2-4    Shoals: Lair:2-4     Snake: Lair:2-4    Spider: Lair:2-4

Altars:
Dithmenos
Elyvilon
Fedhas
Gozag
Hepliaklqana
Kikubaaqudgha
Makhleb
Okawaru
Sif Muna
Uskayaw
Vehumet
Xom
Yredelemnul
Zin
The Shining One

Shops:
D:5 !   D:8 =


Message History

The komodo dragon is engulfed in roaring flames.
Casting: Bolt of Magma
Confirm with . or Enter, or press ? or * to list all spells.
Aiming: Bolt of Magma
Press: ? - help, Shift-Dir - straight line, f - komodo dragon, p - komodo dragon
Aim: a komodo dragon (flame)
The bolt of magma hits the seven-headed hydra.
The seven-headed hydra is almost dead.
The bolt of magma hits the komodo dragon.
The komodo dragon is severely wounded.
The bolt of magma misses the komodo dragon.
Your battlesphere fires!
The barrage of energy hits the komodo dragon.
You kill the komodo dragon!
Vehumet accepts your kill.
You feel your power returning.
Your Conjurations skill increases to level 10!
The seven-headed hydra closely misses you.
The seven-headed hydra bites you.
You die...

#........≈...#.#..P#..###
##..###≈≈≈≈...#.......###
#..##.##≈≈#.........####P
#..###..##..######.#P...## #..
#...#...#..P# .##....### #..
##.......#..### l##......###..
###.#........##.## ..#.###.##...#
................##l##.P##...†.##
#..........##..@D..##...#P...##
#####......####.*....#..###...#
#.##P......#P.#####.##...##..####
.#.#.....#......#####............
.†.#...##...#.............#######
.##....###.#...P.####.###.#
..÷.[.## #.#.....# ### ###
⌠...######.##...##
..............###


You could see a seven-headed hydra, a komodo dragon and a friendly battlesphere.

Vanquished Creatures
  Erica (D:10)
  The ghost of Dolanko the Spear-Bearer, a novice NaFi of Cheibriados (D:6)
  An unseen horror (D:10)
  A hill giant (D:10)
  A spiny frog (Lair:2)
  A rime drake (Lair:1)
  3 komodo dragons
  2 trolls
  2 hippogriffs
  16 yaks (Lair:1)
  4 hogs (D:7)
  A human (D:7)
  The ghost of TheTruth the Chiller, an amateur HuIE of Vehumet (D:3)
  6 porcupines
  2 hell hounds (D:10)
  2 water moccasins
  A phantom (D:10)
  2 black bears
  4 orc warriors
  3 sky beasts
  A hornet zombie (D:10)
  3 ice beasts
  5 ogres
  2 centaurs
  3 crocodiles
  11 bullfrogs
  A wyvern skeleton (D:6)
  3 scorpions (D:10)
  A water moccasin skeleton (D:9)
  A howler monkey (D:7)
  2 crimson imps
  A centaur zombie (D:5)
  6 hounds
  2 jellies
  2 orc priests
  3 iguanas
  A bullfrog skeleton (D:7)
  10 orc wizards
  7 worker ants
  A hound skeleton (D:9)
  A howler monkey zombie (D:10)
  10 gnolls
  2 worker ant zombies
  10 adders
  2 howler monkey skeletons (D:4)
  A shadow imp (D:9)
  An ooze (D:4)
  4 adder zombies
  An adder skeleton (D:4)
  4 worms
  8 leopard geckos
  40 orcs
  A ball python (D:1)
  7 giant cockroaches
  9 goblins
  12 hobgoblins
  8 jackals
  7 kobolds
  4 quokkas
  5 bats
  5 frilled lizards
  A jackal zombie (D:7)
  A leopard gecko skeleton (D:5)
  A leopard gecko zombie (D:6)
  2 quokka skeletons
  8 rats
276 creatures vanquished.

Vanquished Creatures (others)
  4 fungi (Lair:1)
  2 plants (Lair:1)
6 creatures vanquished.

Grand Total: 282 creatures vanquished

Notes
Turn   | Place    | Note
-------+----------+-------------------------------------------
     0 | D:1      | Jynx the Deep Elf Fire Elementalist began the quest for the Orb.
     0 | D:1      | Reached XP level 1. HP: 10/10 MP: 6/6
   246 | D:1      | Reached XP level 2. HP: 15/15 MP: 5/8
   982 | D:1      | Reached skill level 4 in Fire Magic
  1228 | D:1      | Reached XP level 3. HP: 19/19 MP: 7/10
  1233 | D:1      | Learned a level 3 spell: Conjure Flame
  2136 | D:2      | Reached XP level 4. HP: 23/24 MP: 7/11
  2978 | D:3      | Learned a level 4 spell: Sticky Flame
  3135 | D:3      | Reached skill level 5 in Fire Magic
  3195 | D:3      | Found a blossoming altar of Fedhas.
  3214 | D:3      | Reached XP level 5. HP: 28/28 MP: 2/13
  3329 | D:3      | Noticed TheTruth's ghost (amateur HuIE)
  3336 | D:3      | Killed TheTruth's ghost
  3336 | D:3      | Reached skill level 5 in Spellcasting
  3336 | D:3      | Reached XP level 6. HP: 14/32 MP: 9/15
  3532 | D:3      | Found a burning altar of Makhleb.
  3532 | D:3      | Noticed a blizzard demon
  4024 | D:4      | Reached skill level 6 in Fire Magic
  4289 | D:4      | Found a hide-covered altar of Uskayaw.
  4292 | D:4      | Noticed a hand axe
  4292 | D:4      | Noticed a hand axe
  4567 | D:4      | Found a shimmering altar of Xom.
  4743 | D:4      | Found a radiant altar of Vehumet.
  4755 | D:4      | Became a worshipper of Vehumet
  5022 | D:5      | Entered Level 5 of the Dungeon
  5061 | D:5      | Reached XP level 7. HP: 34/36 MP: 5/17
  5176 | D:5      | Identified Ilemn's Disquisition on Freezing Confrontation
  5244 | D:5      | Reached skill level 7 in Fire Magic
  5406 | D:5      | Found Puik Hoka's Distillery.
  5488 | D:5      | Found an iron altar of Okawaru.
  5787 | D:5      | Got a crystal war axe
  5962 | D:5      | Reached skill level 8 in Fire Magic
  5962 | D:5      | Reached XP level 8. HP: 40/41 MP: 12/20
  6007 | D:5      | Reached skill level 5 in Conjurations
  6127 | D:6      | Reached * piety under Vehumet
  6127 | D:6      | Offered knowledge of Sandblast by Vehumet.
  6459 | D:6      | Noticed Dolanko's ghost (novice NaFi)
  6494 | D:6      | Killed Dolanko's ghost
  6494 | D:6      | Reached skill level 9 in Fire Magic
  6494 | D:6      | Reached XP level 9. HP: 17/45 MP: 9/23
  6772 | D:6      | Reached skill level 10 in Fire Magic
  6896 | D:6      | Found a shadowy altar of Dithmenos.
  6896 | D:6      | Found a faded altar of an unknown god.
  6901 | D:6      | Found a faded altar of an unknown god.
  6903 | D:6      | Found a faded altar of an unknown god.
  6905 | D:6      | Found a faded altar of an unknown god.
  7249 | D:7      | Offered knowledge of Sting by Vehumet.
  7260 | D:7      | Reached ** piety under Vehumet
  7289 | D:7      | Got a thick robe
  7300 | D:7      | Identified the cursed +1 robe of Lucidity {rElec rCorr Dex-5} (You found it on level 7 of the Dungeon)
  7429 | D:7      | Found a staircase to the Ecumenical Temple.
  7433 | Temple   | Entered the Ecumenical Temple
  7437 | D:7      | Found an ancient bone altar of Kikubaaqudgha.
  7576 | D:7      | Learned a level 5 spell: Iskenderun's Battlesphere
  7582 | D:7      | Learned a level 5 spell: Fireball
  8062 | D:7      | Reached skill level 11 in Fire Magic
  8228 | D:7      | Found a glowing silver altar of Zin.
  8325 | D:8      | Found Zobb's Jewellery Boutique.
  8356 | D:8      | Reached XP level 10. HP: 50/50 MP: 5/25
  8486 | D:8      | Found a basalt altar of Yredelemnul.
  8602 | D:8      | Found a deep blue altar of Sif Muna.
  8687 | D:8      | Offered knowledge of Stone Arrow by Vehumet.
  8764 | D:8      | Reached skill level 10 in Spellcasting
  8923 | D:8      | Learned a level 5 spell: Bolt of Magma
  9057 | D:9      | Reached *** piety under Vehumet
  9330 | D:9      | Found a staircase to the Orcish Mines.
  9376 | D:9      | Found a hazy altar of Hepliaklqana.
  9792 | D:9      | Offered knowledge of Ignite Poison by Vehumet.
  9792 | D:9      | Reached skill level 1 in Earth Magic
  9852 | D:9      | Reached skill level 12 in Fire Magic
  9952 | D:10     | Entered Level 10 of the Dungeon
 10157 | D:10     | Noticed Erica
 10161 | D:10     | Killed Erica
 10347 | D:10     | Noticed a hill giant
 10351 | D:10     | Killed a hill giant
 10630 | D:10     | Found a staircase to the Lair.
 10654 | D:10     | Noticed an unseen horror
 10657 | D:10     | Killed an unseen horror
 10873 | D:10     | Reached XP level 11. HP: 54/54 MP: 24/28
 11296 | Lair:1   | Entered Level 1 of the Lair of Beasts
 11338 | Lair:1   | Reached skill level 13 in Fire Magic
 11738 | Lair:1   | Reached **** piety under Vehumet
 11948 | Lair:1   | Offered knowledge of Lee's Rapid Deconstruction by Vehumet.
 11986 | Lair:1   | Reached skill level 5 in Earth Magic
 12787 | Lair:2   | Noticed a seven-headed hydra
 12793 | Lair:2   | Reached skill level 10 in Conjurations
 12793 | Lair:2   | Slain by a seven-headed hydra

Skill      XL: |  1  2  3  4  5  6  7  8  9 10 11 |
---------------+----------------------------------+-----
Fire Magic     | 4 5 6 8 9 11 12 13 | 13.8
Conjurations   | 2 3 4 6 7 9 10 | 10.0
Spellcasting   | 4 5 6 8 9 11 | 11.9
Earth Magic    | 4 5 |  5.8
Dodging        | |  2.4
Stealth        | |  2.4

Action                   |  1- 3 |  4- 6 |  7- 9 | 10-12 || total
-------------------------+-------+-------+-------+-------++-------
Melee: Unarmed           |    15 |     6 |     1 |       ||    22
       Dagger            |       |       |    21 |    30 ||    51
       Short sword       |       |       |     3 |       ||     3
 Cast: Flame Tongue      |    77 |   135 |   211 |   194 ||   617
       Conjure Flame     |       |     1 |    10 |    15 ||    26
       Sticky Flame      |       |     3 |     6 |     5 ||    14
       Fireball          |       |       |     7 |    15 ||    22
       Iskenderun's Batt |       |       |       |    19 ||    19
       Bolt of Magma     |       |       |       |    23 ||    23
  Use: Scroll            |       |     6 |     9 |     3 ||    18
  Eat: Chunk             |     3 |    10 |    12 |    20 ||    45
       Fruit             |       |       |       |     1 ||     1
Armor: Robe              |    10 |     3 |    25 |    25 ||    63
Dodge: Dodged            |    59 |    17 |    45 |    54 ||   175
